 Dungeon Crawl Stone Soup version 0.29.0-4-gdea44cf6ec (webtiles) character file.

Game seed: 15069553442345114026

30 qw the Chopper (level 3, -2/21 HPs)
             Began as a Tengu Warper on Aug 28, 2022.
             Slain by a scorpion (3 damage)
             ... on level 2 of the Dungeon.
             The game lasted 00:00:06 (1463 turns).

qw the Chopper (Tengu Warper)                       Turns: 1463, Time: 00:00:07

Health: -2/21      AC:  4    Str: 13    XL:     3   Next: 20%
Magic:  7/7        EV: 12    Int: 13    God:
Gold:   38         SH:  0    Dex: 13    Spells: 6/6 levels left

rFire   . . .      SeeInvis .   Y - +0 hand axe
rCold   . . .      Faith    .   (no shield)
rNeg    . . .      Spirit   .   b - +0 leather armour
rPois   .          Reflect  .   (helmet restricted)
rElec   .          Harm     .   (no cloak)
rCorr   .          Rampage  .   f - +0 pair of gloves
Will    .....                   (boots unavailable)
Stlth   +.........              (no amulet)
HPRegen 0.07/turn               (no ring)
MPRegen 0.10/turn               (no ring)

@: lethally poisoned (-2 -> -20)
A: beak, talons 3
a: no special abilities


You were on level 2 of the Dungeon.
You visited 1 branch of the dungeon, and saw 2 of its levels.

You collected 38 gold pieces.


Innate Abilities, Weirdness & Mutations

You have a beak for a mouth.
You have claws for feet.


   Skills:
 - Level 2.0 Fighting
 + Level 3.9 Axes
 - Level 1.0 Throwing
 - Level 1.1 Armour
 - Level 2.1 Dodging
 - Level 2.0 Spellcasting
 - Level 2.4 Translocations


You had 6 spell levels left.
You didn't know any spells.
Your spell library contained the following spells:

 Spells                   Type           Power      Damage    Failure   Level
 Blink                    Tloc           14%        N/A       19%         2
 Gell's Gravitas          Tloc           7%         N/A       36%         3
 Lesser Beckoning         Tloc           7%         N/A       36%         3
 Teleport Other           Tloc           7%         N/A       36%         3
 Manifold Assault         Tloc           7%         N/A       98%         5

Inventory:

Hand Weapons
 i - a +0 mace
 Y - a +0 hand axe (weapon)
Armour
 b - a +0 leather armour (worn)
 f - a +0 pair of gloves (worn)
Scrolls
 a - a scroll of identify
Potions
 d - a potion of curing {unknown}
 g - a potion of ambrosia {unknown}

Dungeon Overview and Level Annotations

Branches:
Dungeon (2/15)

Altars:


Message History

You kill the dart slug!
A rat comes into view.
The rat misses you.
Enter note:
Enter note: You closely miss the rat.
Your kick misses the rat. The rat barely misses you.
You hit the rat. You peck the rat.
You kill the rat!
A scorpion comes into view.
You hit the scorpion but do no damage. The scorpion completely misses you.
You hit the scorpion. You claw the scorpion!
You peck the scorpion, but do no damage.
The scorpion is severely wounded.
The scorpion stings you but does no damage.
You barely miss the scorpion. Your kick misses the scorpion.
The scorpion is severely wounded.
The scorpion stings you.
You are poisoned.
The scorpion poisons you! The scorpion barely misses you.
You barely miss the scorpion. Your kick misses the scorpion.
The scorpion is severely wounded.
You feel very sick. The scorpion stings you.
You are lethally poisoned!
The scorpion poisons you!
You hit the scorpion.
You claw the scorpion, but do no damage.
The scorpion is severely wounded.
You feel very sick. The scorpion stings you.
You are more poisoned.
The scorpion poisons you!
You hit the scorpion.
The scorpion is almost dead.
You feel very sick.
The scorpion stings you but does no damage.
The scorpion stings you.
You die...

..# ...
..# #.#
#.# #.#
#s## #@.#
### ##.##
+.## +...#
#..##
###..#
..#.##
#..###
#..#.##
###..#
....#.##
#..###
..#..#.##
###..#
##.#..#.##
#%.###


You could see a scorpion.

Vanquished Creatures
  A dart slug (D:2)
  2 bats (D:1)
  3 endoplasms (D:1)
  A giant cockroach (D:1)
  A goblin (D:1)
  2 hobgoblins (D:1)
  4 jackals (D:1)
  A ball python (D:1)
  2 frilled lizards (D:1)
  5 kobolds (D:1)
  4 rats
26 creatures vanquished.

Notes
Turn   | Place    | Note
-------+----------+-------------------------------------------
     0 | D:1      | qw the Tengu Warper began the quest for the Orb.
     0 | D:1      | Reached XP level 1. HP: 12/12 MP: 4/4
     0 | D:1      | 0 ||| qw: Version: 0.1-a-89-g26bdef1
     0 | D:1      | 0 ||| qw: Game counter: 2791
     0 | D:1      | 0 ||| qw: Always use a shield: true
     0 | D:1      | 0 ||| qw: God list: Okawaru
     0 | D:1      | 0 ||| qw: Allow faded altars: false
     0 | D:1      | 0 ||| qw: Do Orc after D:15 true
     0 | D:1      | 0 ||| qw: Do second Lair branch before Depths: true
     0 | D:1      | 0 ||| qw: Lair rune preference: random
     0 | D:1      | 0 ||| qw: Plans: Normal
     0 | D:1      | 0 ||| PLANNING D:1-11
   245 | D:1      | Found a faded altar of an unknown god.
   278 | D:1      | Reached XP level 2. HP: 17/17 MP: 6/6
   320 | D:1      | Reached skill level 3 in Axes
   830 | D:1      | 830 ||| DROPPING +0 club.
   922 | D:1      | Reached XP level 3. HP: 14/21 MP: 7/7
  1352 | D:1      | 1352 ||| UPGRADING to +0 pair of gloves.
  1357 | D:1      | 1357 ||| READING 2 scrolls labelled MIOWKOH NASKO.
  1358 | D:1      | 1358 ||| DROPPING scroll of blinking.
  1388 | D:2      | 1388 ||| Stepping ~*~*~tactically~*~*~ (hiding).
  1453 | D:2      | Noticed a scorpion
  1463 | D:2      | HP: 1/21 [poisoned by a scorpion]
  1463 | D:2      | Slain by a scorpion

Levels and vault maps discovered:
D:1:      lemuel_arrival_lava_pool, layout_basic,
          shapermc_ecumenical_altar_petra, minmay_fountain_box
D:2:      minmay_razor_zed, layout_basic, minmay_surrounded, uniq_robin

Skill      XL: |  1  2 |
---------------+-------+-----
Axes           | 3 |  3.9
Fighting       | |  2.0
Throwing       | |  1.0
Armour         | |  1.1
Dodging        | |  2.1
Spellcasting   | |  2.0
Translocations | |  2.4

Action                   || total
-------------------------++-------
Melee: Hand axe          ||    55
       Peck              ||    11
       Kick              ||    10
Throw: Boomerang         ||     7
  Use: Scroll            ||     1
Armor: Leather armour    ||     9
Dodge: Dodged            ||    24

Table legend:
 A = Non-vault XP
 B = Vault XP
 C = Vault XP percentage of total XP
 D = Non-vault monster count
 E = Vault monster count
 F = Vault count percentage of total count
                 A         B        C        D         E       F
            +---------+---------+-------+---------+---------+-------
      Total |      44 |       0 |   0.0 |      26 |       0 |   0.0
            +---------+---------+-------+---------+---------+-------
        D:1 |      39 |       0 |   0.0 |      24 |       0 |   0.0
        D:2 |       5 |       0 |   0.0 |       2 |       0 |   0.0
            +---------+---------+-------+---------+---------+-------
